AoeStats
← giannis.arsla

Arena

508975040Analyzed
4v4 RM · 6d ago on Sep 24, 2026· 117m 11s· 8 players
Game mode
Random Map
Map size
Large (8 player)
Population
200
Speed
Normal
Resources
Standard
Victory
Conquest
Starting age
Dark Age
Ending age
Imperial Age
RankedLock teamsTeams togetherTeam positionsShared explorationLock speedFull tech treeHidden civsTurbo modeCheats
Victory
Defeat
🇵🇪 Vietnamese · Peru
1078
+14
🇹🇼 Huns · Taiwan
1077
+14
🇹🇷 Burgundians · Türkiye
1061
+15
🇬🇷 Sicilians · Greece
1028
+16
🇺🇸 Gurjaras · United States
1085
-17
🇨🇴 Vietnamese · Colombia
1043
-15
🇺🇸 Saxons · United States
1021
-14
🇩🇴 Persians · Dominican Republic
996
-13
MAOC DSW
4:17 Loom
11:33 Feudal Age
12:06 Double-Bit Axe
14:37 Wheelbarrow
17:07 Castle Age
16:54 Horse Collar
19:18 Hand Cart
21:40 Pikeman
22:37 Forging
22:54 Town Watch
23:36 Husbandry
23:57 Squires
25:06 Bow Saw
26:09 Bloodlines
26:50 Scale Barding Armor
30:06 Iron Casting
33:54 Padded Archer Armor
35:03 Heavy Plow
35:18 Arson
38:56 Imperial Age
37:19 Thumb Ring
36:35 Crossbowman
38:27 Kamandaran
39:06 Scale Mail Armor
39:28 Chain Barding Armor
38:59 Fletching
40:02 Conscription
41:09 Caravan
41:18 Town Patrol
43:29 Blast Furnace
42:44 Chain Mail Armor
42:25 Bodkin Arrow
42:46 Leather Archer Armor
43:06 Plate Barding Armor
43:03 Ballistics
44:11 Halberdier
45:31 Leather Archer Armor
45:47 Plate Mail Armor
45:53 Plate Barding Armor
46:38 Elite War Elephant
47:09 Heavy Scorpion
49:35 Stone Mining
49:37 Gold Mining
52:48 Elite Skirmisher
54:01 Ring Archer Armor
54:59 Crop Rotation
54:12 Imperial Skirmisher
60:44 Stone Shaft Mining
91:27 Chemistry
95:29 Two-Man Saw
nezbez
4:25 Loom
11:48 Feudal Age
15:42 Castle Age
13:33 Double-Bit Axe
13:56 Horse Collar
17:16 Bow Saw
17:52 Wheelbarrow
19:16 Heavy Plow
22:56 Gold Mining
22:59 Stone Mining
28:17 Imperial Age
26:15 Scale Mail Armor
27:38 Hand Cart
27:51 Chain Mail Armor
27:27 Gambesons
27:44 Squires
27:33 Arson
28:32 Forging
28:45 Elite Varangian Guard
30:01 Plate Mail Armor
30:13 Iron Casting
29:08 Elite Hearth Troop
30:45 Conscription
31:18 Shield Wall
33:47 Caravan
37:32 Fletching
39:25 Two-Man Saw
38:58 Crop Rotation
41:21 Ballistics
41:09 Siege Engineers
41:00 Bodkin Arrow
41:46 Murder Holes
42:59 Chemistry
42:26 Pikeman
43:19 Halberdier
44:01 Bracer
49:29 Town Watch
61:13 Man-at-Arms
61:45 Long Swordsman
62:21 Two-Handed Swordsman
63:13 Champion
68:16 Heavy Scorpion
69:08 Town Patrol
Tutmosis
10:16 Feudal Age
15:08 Castle Age
13:15 Double-Bit Axe
13:48 Horse Collar
14:44 Gold Mining
16:05 Wheelbarrow
16:24 Heavy Plow
22:12 Hand Cart
22:34 Stone Mining
23:51 Stone Shaft Mining
27:13 Bow Saw
28:19 Fletching
29:06 Bodkin Arrow
33:24 Imperial Age
30:45 Town Watch
31:40 Scale Mail Armor
31:51 Forging
33:00 Chain Mail Armor
35:41 Squires
36:27 Town Patrol
37:58 Elite Fire Lancer
47:58 Thumb Ring
48:42 Elite Skirmisher
50:02 Plate Mail Armor
50:08 Iron Casting
49:34 Bracer
49:34 Padded Archer Armor
50:39 Two-Man Saw
49:26 Imperial Skirmisher
53:50 Elite Rattan Archer
54:51 Paper Money
55:21 Leather Archer Armor
61:43 Ballistics
62:24 Chemistry
61:35 Masonry
61:31 Siege Engineers
61:22 Murder Holes
61:07 Treadmill Crane
61:38 Fortified Wall
63:55 Bloodlines
63:08 Light Cavalry
63:53 Husbandry
65:02 Scale Barding Armor
66:19 Chain Barding Armor
67:36 Plate Barding Armor
75:13 Ring Archer Armor
76:11 Chemistry
74:51 Treadmill Crane
75:22 Masonry
75:18 Siege Engineers
75:08 Murder Holes
84:36 Pikeman
87:50 Halberdier
89:40 Caravan
茶道
11:00 Feudal Age
16:00 Castle Age
14:21 Forging
14:16 Scale Mail Armor
14:12 Double-Bit Axe
14:12 Horse Collar
14:40 Gold Mining
17:25 Bow Saw
17:49 Heavy Plow
21:56 Loom
23:26 Iron Casting
24:49 Chain Mail Armor
26:17 Wheelbarrow
29:49 Imperial Age
27:20 Arson
30:00 Light Cavalry
30:50 Bloodlines
30:13 Elite Shrivamsha Rider
30:54 Husbandry
31:16 Hand Cart
31:09 Scale Barding Armor
31:37 Town Watch
33:39 Gold Shaft Mining
37:01 Conscription
39:38 Stone Mining
41:51 Chain Barding Armor
49:16 Light Cavalry
50:06 Hussar
50:48 Town Patrol
62:41 Crop Rotation
70:42 Plate Barding Armor
jochizan
11:20 Feudal Age
15:20 Castle Age
13:46 Double-Bit Axe
14:11 Horse Collar
16:24 Bow Saw
17:02 Wheelbarrow
22:14 Loom
22:57 Squires
23:53 Fletching
24:14 Forging
24:57 Padded Archer Armor
25:35 Heavy Plow
25:53 Gold Mining
30:47 Imperial Age
28:37 Bodkin Arrow
29:31 Hand Cart
29:02 Town Watch
29:12 Stone Mining
30:37 Leather Archer Armor
30:58 Iron Casting
30:23 Scale Mail Armor
31:37 Ballistics
31:28 Masonry
31:31 Fortified Wall
32:03 Stone Shaft Mining
33:02 Crop Rotation
33:36 Two-Man Saw
33:31 Paper Money
33:50 Husbandry
34:01 Bloodlines
34:05 Bloodlines
33:55 Husbandry
35:31 Chemistry
34:29 Elite Rattan Archer
35:59 Town Patrol
36:17 Elite Battle Elephant
38:01 Chatras
37:48 Treadmill Crane
38:04 Murder Holes
41:18 Bombard Tower
40:47 Arrowslits
44:41 Scale Barding Armor
44:38 Bracer
45:08 Ring Archer Armor
44:54 Chain Mail Armor
52:34 Thumb Ring
51:51 Elite Skirmisher
52:48 Capped Ram
55:58 Siege Engineers
58:21 Imperial Skirmisher
67:36 Pikeman
68:18 Halberdier
68:46 Arson
77:41 Elite Fire Lancer
84:12 Light Cavalry
86:59 Bombard Tower
87:27 Ring Archer Armor
87:17 Chain Barding Armor
87:28 Plate Mail Armor
88:41 Caravan
91:18 Coinage
104:05 Plate Barding Armor
116:15 Spies/Treason
William
10:55 Feudal Age
12:59 Loom
15:57 Castle Age
14:09 Horse Collar
14:20 Double-Bit Axe
18:05 Bow Saw
24:20 Heavy Plow
25:53 Wheelbarrow
25:47 Town Watch
26:43 Ballistics
27:10 Murder Holes
27:28 Masonry
28:19 Thumb Ring
28:24 Fletching
28:56 Padded Archer Armor
29:32 Bodkin Arrow
33:05 Imperial Age
31:10 Scale Barding Armor
31:22 Gold Mining
33:06 Forging
33:22 Chain Barding Armor
34:13 Hand Cart
34:27 Parthian Tactics
34:52 Conscription
34:28 Heavy Cavalry Archer
35:34 Pikeman
36:23 Squires
36:09 Arson
38:08 Two-Man Saw
37:24 Bracer
37:26 Scale Mail Armor
38:55 Halberdier
55:48 Gold Shaft Mining
57:10 Light Cavalry
58:00 Bloodlines
57:51 Husbandry
57:55 Cavalier
59:17 Paladin
63:58 Iron Casting
63:32 Elite Skirmisher
64:31 Imperial Skirmisher
65:21 Hussar
70:40 Chain Mail Armor
74:22 Caravan
100:07 Plate Barding Armor
100:39 Blast Furnace
104:00 Capped Ram
giannis.arsla
7:22 Loom
10:31 Feudal Age
12:50 Wheelbarrow
14:13 Double-Bit Axe
14:13 Horse Collar
21:06 Castle Age
21:08 Scale Mail Armor
21:19 Forging
22:12 Squires
28:20 Gambesons
28:21 Arson
30:07 Bow Saw
29:50 Gold Mining
32:36 Hand Cart
50:16 Gold Shaft Mining
49:34 Stone Mining
51:12 Man-at-Arms
52:13 Long Swordsman
57:16 Imperial Age
57:17 Two-Handed Swordsman
58:22 Caravan
63:22 Pikeman
67:16 Chain Mail Armor
73:33 Plate Mail Armor
73:39 Iron Casting
72:49 Halberdier
74:39 Champion
76:40 Blast Furnace
NELMAN
10:33 Feudal Age
10:11 Loom
16:08 Castle Age
14:05 Double-Bit Axe
14:19 Horse Collar
14:34 Gold Mining
15:29 Bow Saw
15:32 Heavy Plow
22:37 Scale Barding Armor
22:43 Forging
25:21 Wheelbarrow
25:52 Two-Man Saw
25:29 Crop Rotation
26:11 Husbandry
26:16 Fletching
27:45 Bodkin Arrow
27:47 Cavalier
29:21 Gold Shaft Mining
28:38 Stone Mining
29:36 Hand Cart
31:56 Chain Barding Armor
32:12 Iron Casting
35:03 Stone Shaft Mining
36:45 Herbal Medicine
37:57 Caravan
38:08 Guilds
40:24 Burgundian Vineyards
43:24 Imperial Age
45:17 Blast Furnace
44:53 Plate Barding Armor
44:19 Bracer
44:19 Padded Archer Armor
44:00 Flemish Revolution
45:02 Conscription
44:04 Elite Coustillier
44:09 Paladin
44:09 Light Cavalry
46:35 Chemistry
45:55 Ballistics
45:46 Fortified Wall
45:32 Murder Holes
45:18 Treadmill Crane
45:49 Masonry
47:57 Elite Skirmisher
48:56 Leather Archer Armor
48:42 Scale Mail Armor
48:26 Hussar
49:18 Imperial Skirmisher
55:50 Chain Mail Armor
55:24 Town Watch
62:14 Architecture
65:02 Arson
65:17 Squires
64:38 Pikeman
65:51 Plate Mail Armor
69:18 Town Patrol
71:50 Halberdier
78:32 Sanctity
78:13 Devotion
78:29 Block Printing
78:25 Fervor
78:41 Illumination
116:05 Redemption
116:15 Faith
115:56 Atonement
116:18 Bombard Tower
115:49 Guard Tower
116:10 Careening
116:11 Clinker Construction
116:07 Siphons
115:48 Arrowslits
115:28 Man-at-Arms
115:35 Crossbowman
118:07 Keep
Connection lost

Rejoining the realm…

Still unreachable

The connection could not be restored.

Session expired

The server has moved on; the page needs a fresh start.